Map: [ESL] Gresvan

Players

Oliveira - Winner!

  • Race: Terran Terran
  • Spawn Location: 5:00

HeroMarine

  • Race: Terran Terran
  • Spawn Location: 11:00

Event: IEM Katowice 2023

VOD

Have the link to the VOD?

Description

Time

  • Played on: Feb. 11, 2023, 12:15 p.m.
  • Length: 12:49

All games in this series

Show
View Real Time Build Order
Export as new Build Order

Oliveira Terran - Winner!

Build Orders:  

Get SALT Encoding   

  12  0:00  SCV  
  13  0:12  SCV  
  14  0:17  Supply Depot  
  14  0:24  SCV  
  15  0:38  SCV  
  15  0:39  Barracks  
  16  0:44  Refinery  
  16  0:50  SCV  
  16  0:53  Refinery  
  17  1:02  SCV  
  18  1:14  SCV  
  19  1:26  Reaper  
  19  1:27  Orbital Command, Supply Depot  
  20  1:43  Factory  
  20  1:52  SCV  
  21  1:59  Reaper  
  22  2:04  SCV  
  23  2:15  Command Center  
  23  2:18  SCV  
  24  2:27  Supply Depot  
  24  2:28  Hellion  
  26  2:31  SCV  
  26  2:34  Reaper  
  28  2:43  SCV  
  29  2:50  Factory Tech Lab  
  29  2:57  SCV  
  30  3:00  Starport  
  30  3:08  Cyclone  
  30  3:09  SCV  
  34  3:15  Barracks Reactor  
  34  3:19  Refinery  
  34  3:21  SCV  
  35  3:31  Orbital Command  
  35  3:38  Starport Tech Lab  
  34  3:41  SCV  
  31  3:49  Siege Tank  
  31  3:53  SCV  
  34  3:58  SCV  
  35  4:05  SCV  
  35  4:09  Raven  
  37  4:10  SCV  
  37  4:15  Marine  
  39  4:17  Marine  
  39  4:18  SCV  
  39  4:22  SCV  
  41  4:28  Siege Tank, Command Center  
  41  4:30  SCV  
  45  4:34  SCV  
  45  4:37  Marine, Supply Depot  
  47  4:39  Marine  
  47  4:42  SCV  
  47  4:45  Raven  
  51  4:46  SCV  
  52  4:54  SCV  
  52  4:56  Marine  
  52  4:58  Supply Depot  
  52  4:59  Marine, SCV  
  56  5:02  Siege Tank  
  56  5:06  SCV, Refinery  
  60  5:11  SCV  
  61  5:18  SCV  
  62  5:23  SCV  
  63  5:29  Viking  
  63  5:30  Marine, SCV, Viking  
  63  5:32  Stimpack  
  70  5:35  SCV  
  70  5:41  Barracks x2  
  70  5:42  SCV  
  71  5:43  Siege Tank  
  71  5:46  Orbital Command  
  74  5:50  Supply Depot  
  74  5:52  SCV  
  74  5:53  Marine  
  74  5:56  SCV  
  77  6:01  Viking  
  77  6:04  Viking  
  81  6:06  SCV  
  81  6:10  Orbital Command  
  82  6:11  Marine  
  82  6:16  SCV, Supply Depot  
  82  6:17  Siege Tank  
  87  6:25  SCV  
  88  6:27  Engineering Bay  
  88  6:28  Engineering Bay, SCV  
  88  6:31  Viking, Barracks Reactor  
  88  6:32  Barracks Reactor  
  91  6:35  SCV  
  91  6:37  SCV  
  91  6:38  Marine  
  94  6:43  SCV  
  94  6:45  Supply Depot  
  94  6:47  SCV  
  94  6:50  Siege Tank  
  94  6:51  Viking  
  94  6:52  SCV  
  100  6:56  Marine  
  100  6:57  Supply Depot  
  100  6:58  Terran Infantry Weapons Level 1  
  100  7:01  Terran Infantry Armor Level 1  
  101  7:07  SCV x3, Supply Depot  
  104  7:09  Marine x2  
  104  7:11  Marine  
  104  7:12  Marine  
  104  7:14  Marine  
  108  7:19  Viking  
  110  7:24  Supply Depot  
  110  7:25  Barracks x2  
  110  7:26  Combat Shield  
  110  7:29  Marine  
  111  7:30  SCV x2  
  111  7:34  SCV  
  111  7:35  Marine, Supply Depot  
  105  7:51  Marine  
  105  7:52  Siege Tank  
  105  7:53  Medivac x2  
  105  7:54  Marine  
  105  7:55  SCV  
  105  7:56  SCV  
  105  7:58  SCV  
  117  8:03  Marine  
  117  8:04  Marine  
  117  8:07  SCV  
  117  8:08  SCV  
  117  8:10  Marine  
  118  8:14  SCV  
  118  8:16  Barracks Reactor, Refinery x2  
  118  8:17  Command Center, Barracks Reactor, Armory  
  119  8:21  Marine  
  119  8:22  Sensor Tower  
  119  8:23  SCV  
  119  8:26  Marine  
  122  8:28  Marine  
  122  8:31  SCV x2  
  125  8:34  Siege Tank  
  128  8:45  Marine x2  
  114  8:50  Marine  
  114  8:54  Marine x2, SCV  
  110  8:55  Marine  
  110  8:56  Marine  
  110  8:58  SCV  
  110  8:59  SCV  
  110  9:00  Marine  
  112  9:04  Terran Infantry Weapons Level 2, Terran Infantry Armor Level 2  
  112  9:06  Siege Tank  
  112  9:07  Marine  
  112  9:08  SCV  
  113  9:11  SCV x2  
  113  9:12  Marine x2  
  113  9:15  Marine  
  117  9:20  Factory, SCV  
  117  9:22  Medivac  
  117  9:23  SCV  
  120  9:27  Medivac, Barracks Reactor  
  120  9:29  Marine x2  
  120  9:30  Marine  
  125  9:32  Marine  
  125  9:33  Missile Turret  
  125  9:34  SCV  
  125  9:35  Marine  
  125  9:44  Missile Turret  
  118  9:46  Marine  
  118  9:47  Marine  
  118  9:48  Marine  
  118  9:50  Marine x2  
  118  9:51  Marine  
  118  9:52  Siege Tank  
  118  9:53  SCV  
  118  9:57  SCV  
  118  9:58  Marine  
  118  9:59  Marine  
  121  10:04  Marine  
  123  10:10  Marine x2  
  123  10:12  Marine x2  
  123  10:13  Marine x2  
  119  10:16  Marine  
  119  10:17  Marine  
  119  10:19  Siege Tank  
  119  10:20  Medivac x2  
  127  10:22  Marine x2  
  125  10:28  Marine x2  
  125  10:30  Marine x2  
  125  10:31  Marine x2  
  125  10:34  Siege Tank, Marine  
  125  10:35  Marine, Planetary Fortress  
  130  10:37  Supply Depot  
  130  10:39  Marine, Supply Depot  
  130  10:40  Marine  
  132  10:43  Terran Vehicle Weapons Level 1  
  132  10:46  Marine x2  
  132  10:48  Marine  
  132  10:49  Marine x2  
  137  10:51  SCV  
  137  10:55  Marine  
  139  11:02  Marine  
  139  11:04  Marine x2, Sensor Tower  
  140  11:05  Siege Tank  
  140  11:08  Medivac x2  
  140  11:10  Siege Tank, Marine x3  
  155  11:13  Refinery  
  155  11:14  Marine, Refinery  
  155  11:15  Supply Depot  
  156  11:25  Marine x2  
  158  11:26  Marine  
  158  11:28  Marine  
  158  11:30  Marine  
  161  11:36  SCV x2  
  161  11:37  Supply Depot  
  161  11:38  Missile Turret  
  161  11:39  Missile Turret  
  162  11:43  Siege Tank  
  162  11:46  Marine x2  
  167  11:48  Marine  
  167  11:49  Marine  
  167  11:53  Siege Tank  
  172  11:54  Marine x2  
  172  11:59  Marine  
  172  12:00  Supply Depot  
  175  12:02  Marine x3  
  173  12:28  Marine  
  173  12:29  Marine x2  
Show
View Real Time Build Order
Export as new Build Order

HeroMarine Terran 

Build Orders:  

Get SALT Encoding   

  12  0:00  SCV  
  13  0:12  SCV  
  14  0:17  Supply Depot  
  14  0:24  SCV  
  15  0:38  SCV  
  15  0:40  Barracks  
  16  0:43  Refinery  
  16  0:50  SCV  
  16  0:52  Refinery  
  17  1:02  SCV  
  18  1:14  SCV  
  19  1:27  Orbital Command, Reaper  
  19  1:32  Supply Depot  
  20  1:41  Factory  
  20  1:52  SCV  
  21  1:59  Barracks Reactor  
  21  2:04  SCV  
  22  2:16  SCV  
  22  2:21  Command Center  
  23  2:26  Hellion  
  23  2:28  SCV  
  26  2:35  Reaper x2  
  28  2:39  Supply Depot  
  28  2:41  SCV  
  29  2:47  Hellion  
  31  2:58  Starport  
  31  3:01  SCV  
  32  3:07  Reaper x2  
  32  3:10  Hellion  
  36  3:13  SCV  
  37  3:22  Refinery  
  37  3:25  SCV  
  38  3:34  Orbital Command  
  38  3:37  Factory Tech Lab, Starport Tech Lab  
  38  3:39  SCV  
  38  3:47  Marine x2  
  36  3:51  SCV  
  36  4:03  SCV  
  36  4:05  SCV  
  35  4:14  Raven  
  35  4:15  SCV  
  37  4:17  SCV  
  37  4:27  SCV  
  37  4:29  Siege Tank, SCV  
  42  4:38  Marine x2  
  42  4:39  SCV  
  42  4:41  SCV  
  46  4:46  Supply Depot  
  46  4:48  Raven  
  46  4:52  SCV  
  49  4:54  SCV  
  49  4:56  Marine x2  
  52  5:04  SCV  
  52  5:06  SCV  
  54  5:07  Siege Tank  
  54  5:08  Supply Depot  
  57  5:16  SCV  
  57  5:18  SCV  
  59  5:22  Command Center  
  59  5:28  SCV  
  60  5:30  SCV  
  60  5:31  Stimpack  
  63  5:36  Supply Depot  
  63  5:40  Siege Tank, SCV  
  63  5:41  Viking  
  63  5:42  SCV  
  68  5:46  Viking  
  70  5:57  SCV x2  
  70  5:58  Supply Depot, Refinery  
  72  6:09  SCV x2  
  74  6:11  Viking  
  74  6:16  Viking  
  78  6:19  Siege Tank  
  78  6:21  SCV x2  
  78  6:23  Marine  
  84  6:33  SCV x2  
  84  6:34  Engineering Bay, Barracks x2  
  84  6:36  Engineering Bay  
  86  6:43  Viking  
  86  6:46  Viking, SCV x2  
  92  6:53  Orbital Command  
  92  6:58  Siege Tank, SCV x2  
  92  7:00  Marine  
  98  7:04  Terran Infantry Armor Level 1, Terran Infantry Weapons Level 1  
  98  7:08  Supply Depot  
  98  7:10  SCV x2  
  100  7:17  Barracks  
  100  7:19  Barracks  
  100  7:20  SCV  
  101  7:24  Barracks Reactor x2  
  101  7:28  Supply Depot  
  101  7:29  SCV x2, Viking  
  105  7:31  Viking  
  105  7:36  SCV, Refinery x2  
  108  7:39  Supply Depot  
  108  7:41  SCV  
  108  7:43  Marine, Siege Tank  
  108  7:47  SCV  
  108  7:48  SCV  
  97  7:53  SCV  
  96  7:59  Viking, SCV  
  96  8:00  Marine, SCV  
  96  8:01  Viking  
  96  8:05  Marine x3  
  104  8:06  SCV, Barracks Reactor  
  104  8:08  Barracks Reactor  
  104  8:09  Marine  
  104  8:16  SCV  
  104  8:17  SCV  
  104  8:18  Marine, SCV  
  108  8:20  Siege Tank  
  108  8:22  Marine  
  108  8:23  Marine x2  
  108  8:27  Marine  
  114  8:29  Viking  
  114  8:30  Supply Depot x3  
  114  8:31  Viking  
  114  8:32  Sensor Tower  
  119  8:36  Marine  
  119  8:40  Marine x2  
  119  8:41  Marine  
  123  8:44  Marine  
  123  8:45  Marine x4  
  123  8:46  SCV  
  123  8:47  SCV  
  113  8:54  Marine  
  113  8:55  Siege Tank  
  111  8:58  Marine x3  
  111  8:59  Medivac  
  111  9:00  Medivac  
  111  9:02  Marine, Armory  
  118  9:03  Marine x4  
  122  9:10  SCV  
  122  9:12  Marine  
  122  9:16  Marine x3  
  125  9:20  Marine x2  
  125  9:21  Marine x3  
  128  9:25  Factory  
  128  9:28  Sensor Tower, Combat Shield  
  128  9:29  Marine, Medivac  
  128  9:30  Siege Tank, Medivac  
  136  9:34  Marine x2  
  136  9:36  Marine  
  136  9:38  Marine  
  140  9:44  Marine x2  
  123  9:45  Marine x2  
  123  9:47  Marine  
  123  9:52  Marine x2  
  121  9:54  Marine  
  121  9:55  Terran Infantry Weapons Level 2, Terran Infantry Armor Level 2  
  121  9:56  Marine  
  121  9:57  Command Center  
  123  10:02  Marine x2  
  123  10:03  Marine x2  
  123  10:05  Marine  
  128  10:09  Marine x2  
  128  10:12  Marine  
  128  10:13  Marine  
  126  10:20  Marine x2  
  126  10:21  Marine x2  
  123  10:23  Marine, Siege Tank  
  123  10:24  Medivac x2  
  123  10:27  Marine x2  
  117  10:30  Marine  
  117  10:31  Marine  
  114  10:37  Terran Vehicle Weapons Level 1  
  114  10:38  Marine x2  
  114  10:39  Marine x2  
  119  10:44  Barracks  
  119  10:45  Marine x2, Barracks  
  119  10:48  Marine  
  119  10:49  Marine  
  122  10:51  SCV x2  
  122  10:52  SCV  
  122  10:55  Marine x2  
  122  10:56  Siege Tank, Viking  
  122  10:57  Marine x2, Siege Tank  
  132  10:58  Viking  
  132  10:59  Barracks Reactor  
  132  11:02  Supply Depot  
  132  11:03  Marine  
  132  11:04  Marine  
  140  11:05  Marine  
  140  11:07  Marine  
  143  11:13  Marine x2  
  143  11:14  Marine x2  
  143  11:15  Barracks  
  147  11:21  Marine x2  
  149  11:25  Marine  
  149  11:26  Marine, Viking  
  149  11:28  Siege Tank, Viking  
  149  11:32  Marine x2  
  160  11:34  Barracks Reactor  
  160  11:35  Planetary Fortress  
  160  11:36  Barracks Reactor  
  160  11:40  Sensor Tower  
  160  11:41  Marine x2  
  160  11:42  Marine x2  
  160  11:46  Siege Tank  
  167  11:47  Marine x3  
  167  11:51  Supply Depot x2  
  170  11:55  Marine x2  
  170  11:58  Marine  
  170  11:59  Marine, Medivac  
  170  12:01  Medivac  
  178  12:02  Marine  
  179  12:13  Siege Tank  
  176  12:23  Marine x2  
  176  12:24  Marine x2  
  176  12:29  Marine x2  

Tags
 
Add a new tag
Caveats
  • Supply blocks, unpowered buildings, or Contaminate may cause inaccurate times.
  • Supply counts are checked every 10 seconds.